Map: Orbital Shipyard

Players

SticklerMac - Winner!

  • Race: Zerg Zerg
  • League: Grandmaster

irishbeer

  • Race: Zerg Zerg
  • League: Grandmaster

VOD

Have the link to the VOD?

Description

Time

  • Played on: July 18, 2015, 2:18 p.m.
  • Length: 4:49
Show
View Real Time Build Order
Export as new Build Order

SticklerMac Zerg - Winner!

Build Orders: Hatch First 

Get SALT Encoding   

  12  0:01  Drone  
  13  0:08  Drone  
  14  0:17  Overlord  
  14  0:43  Hatchery  
  14  0:44  Drone  
  14  0:51  Drone  
  14  0:53  Drone  
  16  1:10  Spawning Pool  
  15  1:12  Drone  
  15  1:15  Drone  
  17  1:37  Drone  
  18  1:42  Hatchery  
  18  1:46  Drone x2  
  19  1:51  Extractor  
  19  1:52  Drone  
  19  1:55  Drone  
  19  2:00  Drone  
  21  2:05  Drone  
  22  2:10  Drone  
  22  2:15  Queen  
  25  2:18  Drone  
  26  2:26  Overlord  
  26  2:27  Drone  
  27  2:32  Drone  
  28  2:43  Queen  
  28  2:44  Overlord  
  30  2:46  Drone  
  31  2:55  Queen  
  33  2:59  Zergling x2  
  33  3:00  Zergling x2  
  33  3:01  Zergling x2  
  33  3:03  Zergling x2  
  37  3:05  Zergling x2  
  37  3:08  Zergling x2  
  37  3:10  Zergling x2  
  40  3:16  Zergling x4  
  42  3:21  Zergling x2  
  44  3:27  Zergling x4  
  44  3:28  Metabolic Boost  
  44  3:33  Drone x3  
  48  3:39  Drone  
  48  3:40  Baneling Nest  
  48  3:42  Drone  
  48  3:44  Drone  
  50  3:54  Overlord  
  50  3:55  Overlord  
  50  4:08  Overlord x2  
  50  4:23  Drone x3  
  54  4:24  Drone x4  
  54  4:25  Drone x6  
  54  4:26  Drone  
  64  4:32  Zergling x4  
Show
View Real Time Build Order
Export as new Build Order

irishbeer Zerg 

Build Orders: Hatch First 

Get SALT Encoding   

  12  0:02  Drone  
  13  0:09  Drone  
  14  0:17  Overlord  
  14  0:29  Overlord  
  14  0:35  Drone  
  15  0:42  Drone  
  16  0:47  Drone  
  17  0:56  Drone  
  18  1:07  Drone  
  18  1:10  Hatchery  
  18  1:21  Drone, Spawning Pool  
  18  1:35  Drone  
  18  1:38  Extractor  
  19  1:40  Drone  
  19  1:50  Drone  
  20  2:01  Drone  
  21  2:09  Queen  
  23  2:16  Drone  
  24  2:25  Queen  
  24  2:26  Zergling x4  
  28  2:33  Drone  
  29  2:37  Zergling x2  
  30  2:45  Metabolic Boost  
  30  2:51  Drone  
  30  2:52  Drone  
  30  2:57  Drone x2  
  34  3:00  Extractor  
  34  3:03  Evolution Chamber  
  34  3:05  Evolution Chamber  
  31  3:17  Overlord x2  
  31  3:21  Overlord  
  31  3:34  Overlord  
  31  3:47  Drone x3, Zergling x2  
  31  3:48  Drone  
  36  3:55  Drone  
  37  3:56  Drone  
  37  3:57  Drone  
  37  3:59  Drone  
  40  4:10  Queen  
  40  4:11  Hatchery  
  41  4:22  Zergling x4  
  43  4:29  Zergling x2  
  43  4:30  Zergling x2  
Tags
 
Add a new tag
Caveats
  • Supply blocks, unpowered buildings, or Contaminate may cause inaccurate times.
  • Supply counts are checked every 10 seconds.